 Dungeon Crawl Stone Soup version 0.32-a0-120-gfac0567ad4 (webtiles) character file.

Game seed: 669384844259507038

125 zeratav the Trooper (level 5, 0/57 HPs)
             Began as an Oni Warper on Feb 6, 2024.
             Slain by an adder (2 damage)
             ... on level 4 of the Dungeon.
             The game lasted 00:05:12 (2473 turns).

zeratav the Trooper (Oni Warper)                    Turns: 2473, Time: 00:05:12

Health: 0/57       AC:  4    Str: 17    XL:     5   Next: 9%
Magic:  8/8        EV:  9    Int: 14    God:
Gold:   90         SH:  0    Dex:  8    Spells: 8/8 levels left

rFire   . . .        a - +0 mace {mace}
rCold   . . .        (no shield)
rNeg    . . .        b - +0 robe
rPois   .            (helmet restricted)
rElec   .            g - +0 cloak
rCorr   .            (gloves unavailable)
SInv    .            (boots unavailable)
Will    .....        (no amulet)
Stlth   +            t - ring of wizardry
HPRegen 0.29/turn    (no ring)
MPRegen 0.11/turn

%: wizardry (x1)
@: lethally poisoned (0 -> -13)
A: large, unfitting armour, horns 1, tough skin 1, double potion healing,
drunken brawling
a: no special abilities


You were on level 4 of the Dungeon.
You visited 1 branch of the dungeon, and saw 4 of its levels.

You collected 90 gold pieces.


Innate Abilities, Weirdness & Mutations

You are too large for most types of armour.
You have a pair of small horns on your head.
You have tough skin. (AC +1)
You gain doubled healing and magic from potions.
Whenever you drink a healing potion, you attack all around you.


   Skills:
 + Level 5.1 Fighting
 + Level 3.8 Maces & Flails
 - Level 1.0 Throwing
 - Level 2.1 Dodging
 - Level 2.4 Spellcasting
 - Level 2.6 Translocations


You had 8 spell levels left.
You didn't know any spells.
Your spell library contained the following spells:

 Spells                   Type           Power      Damage    Failure   Level
 Blink                    Tloc           18%        N/A       4%          2
 Lesser Beckoning         Tloc           18%        N/A       4%          2
 Teleport Other           Tloc           9%         N/A       9%          3
 Volatile Blastmotes      Fire/Tloc      10%        2d10      16%         3
 Manifold Assault         Tloc           9%         N/A       28%         4
 Iskenderun's Mystic Bla  Conj/Tloc      5%         2d3       45%         4
 Vhi's Electric Charge    Tloc/Air       10%        N/A       45%         4
 Fulminant Prism          Conj/Alch      0%         3d5       63%         4

Inventory:

Hand Weapons
 a - a +0 mace (weapon) {mace}
 s - the +10 flail of Skirmishing {heavy, Str+2 Dex+2, mace}
   (You found it on level 3 of the Dungeon)

   Str+2:     It affects your strength (+2).
   Dex+2:     It affects your dexterity (+2).
Missiles
 f - 4 boomerangs {throwing}
 i - 11 poisoned darts {throwing}
 w - 7 stones {throwing}
Armour
 b - a +0 robe (worn)
 g - a +0 cloak (worn)
   (You found it on level 1 of the Dungeon)
Jewellery
 t - a ring of wizardry (left hand)
   (You found it on level 3 of the Dungeon)
Scrolls
 c - a scroll of blinking {!r}
 e - a scroll of revelation {unknown}
 h - a scroll of teleportation {unknown}
 n - a scroll of fog {unknown}
 p - 4 scrolls of identify {unknown}
 q - a scroll of enchant armour {unknown}
 r - 2 scrolls of fear {unknown}
 u - a scroll of noise {unknown}
 x - a scroll of immolation {unknown}
 y - a scroll of poison {unknown}
Potions
 j - a potion of heal wounds {unknown}
 k - a potion of invisibility {unknown}
 l - 2 potions of curing {unknown}
 m - a potion of mutation {unknown}
 o - a potion of attraction {unknown}
 v - a potion of haste {unknown}

Dungeon Overview and Level Annotations

Branches:
Dungeon (4/15) Zot: 21474
 Temple: D:4-7

Altars:
Uskayaw

#. .# ##. ####.# #..
.....####+#
####.####..........
#†....†.#..........
#.......#..........
.#...†...#..........
...†._...S@.........
##.......##.........
#.......#..........
#$.†....#..########
####.####..####
...#........#
...#####.....# ###
#.....## #.<....####


You could see an adder.


Message History

You are poisoned.
The adder poisons you!
HP[-6]
You take 6 damage, and now have 26/57 hp.
You are too injured to fight recklessly!
You barely miss the adder.
You feel sick. The adder bites you.
* * * LOW HITPOINT WARNING * * *
HP[-5]
You take 5 damage, and now have 21/57 hp.
You miss the adder.
You feel sick. The adder barely misses you. The adder bites you.
* * * LOW HITPOINT WARNING * * *
You are more poisoned.
The adder poisons you!
HP[-3]
You take 3 damage, and now have 18/57 hp.
You hit the adder. Your punch misses the adder.
You feel sick. The adder misses you.
HP[-2]
You take 2 damage, and now have 16/57 hp.
Throw: 6 darts (disperse) {=fthrowing}
Press: ? - help, Q - select action, (/) - cycle Shift-Dir - straight line, f/p - adder
Aim: an adder (heavily wounded, 29% to hit)
You throw a dart of dispersal {=fthrowing}.
The dart of dispersal {=fthrowing} barely misses the adder.
You feel sick. The adder barely misses you.
The adder bites you but does no damage.
HP[-2]
You take 2 damage, and now have 14/57 hp.
Throw: 5 darts (disperse) {=fthrowing}
Press: ? - help, Q - select action, (/) - cycle Shift-Dir - straight line, f/p - adder
Aim: an adder (heavily wounded, 29% to hit)
You throw a dart of dispersal {=fthrowing}.
The dart of dispersal {=fthrowing} completely misses the adder.
You feel sick. The adder bites you but does no damage.
HP[-1]
You take 1 damage, and now have 13/57 hp.
Throw: 4 darts (disperse) {=fthrowing}
Press: ? - help, Q - select action, (/) - cycle Shift-Dir - straight line, f/p - adder
Aim: an adder (heavily wounded, 29% to hit)
You throw a dart of dispersal {=fthrowing}.
The dart of dispersal {=fthrowing} closely misses the adder.
You feel sick. The adder bites you but does no damage.
Throw: 3 darts (disperse) {=fthrowing}
Press: ? - help, Q - select action, (/) - cycle Shift-Dir - straight line, f/p - adder
Aim: an adder (heavily wounded, 29% to hit)
You throw a dart of dispersal {=fthrowing}.
The dart of dispersal {=fthrowing} hits the adder.
The adder blinks!
You feel sick.
HP[-1]
You take 1 damage, and now have 12/57 hp.
You feel sick.
HP[-1]
You take 1 damage, and now have 11/57 hp.
You feel sick.
You feel sick.
You are no longer poisoned.
HP[-1]
You take 1 damage, and now have 10/57 hp.
Throw: 2 darts (disperse) {=fthrowing}
Press: ? - help, Q - select action, (/) - cycle Shift-Dir - straight line, f/p - adder
Aim: an adder (heavily wounded, 29% to hit)
You throw a dart of dispersal {=fthrowing}.
The dart of dispersal {=fthrowing} barely misses the adder.
Throw: dart (disperse) {=fthrowing}
Press: ? - help, Q - select action, (/) - cycle Shift-Dir - straight line, f/p - adder
Aim: an adder (heavily wounded, 29% to hit)
You throw a dart of dispersal {=fthrowing}.
The dart of dispersal {=fthrowing} barely misses the adder.
The adder barely misses you.
You don't know any spells.
Sorry, you're not good enough to have a special ability.
You closely miss the adder. Your punch misses the adder. The adder bites you.
* * * LOW HITPOINT WARNING * * *
HP[-2]
You take 2 damage, and now have 8/57 hp.
You miss the adder. Your headbutt misses the adder.
The adder barely misses you. x2
You closely miss the adder. The adder bites you but does no damage.
HP[+1]
You barely miss the adder. The adder bites you.
* * * LOW HITPOINT WARNING * * *
You are poisoned.
The adder poisons you! The adder closely misses you.
HP[-1]
You take 1 damage, and now have 8/57 hp.
You closely miss the adder.
You feel sick. The adder bites you.
* * * LOW HITPOINT WARNING * * *
You are lethally poisoned!
The adder poisons you!
HP[-4]
You take 4 damage, and now have 4/57 hp.
You closely miss the adder.
* * * LOW HITPOINT WARNING * * *
You feel sick. The adder bites you.
* * * LOW HITPOINT WARNING * * *
You are more poisoned.
The adder poisons you! The adder bites you.
You die...

Skill      XL: |  1  2  3  4 |
---------------+-------------+-----
Fighting       | 3 4 5 |  5.1
Maces & Flails | 3 |  3.8
Throwing       | |  1.0
Dodging        | |  2.1
Spellcasting   | |  2.4
Translocations | |  2.6

Action                     |  1- 3 |  4- 6 || total
---------------------------+-------+-------++-------
  Melee: Mace              |   132 |    77 ||   209
         Headbutt          |    14 |     4 ||    18
         Punch             |     2 |     2 ||     4
  Throw: Dart              |       |     7 ||     7
 Armour: Robe              |   114 |    73 ||   187
  Dodge: Dodged            |    89 |    38 ||   127

Levels and vault maps discovered:
D:1:      pf_arrival_petrified_forest, layout_rooms,
          ebering_ecumenical_altar_petrified
D:2:      layout_basic, serial_undead, serial_undead_a, serial_undead_f,
          serial_undead_f, serial_undead_c, serial_undead_b, serial_undead_f,
          fountainhead
D:3:      layout_basic
D:4:      layout_basic, nicolae_uskayaw_murder_on_the_dancefloor,
          minmay_temple_entry_trees, uniq_blork_the_orc

Notes
Turn   | Place    | Note
-------+----------+-------------------------------------------
     0 | D:1      | zeratav the Oni Warper began the quest for the Orb.
     0 | D:1      | Reached XP level 1. HP: 22/22 MP: 3/3
     0 | D:1      | magus.rc [v1.9.6]
   135 | D:1      | Reached skill level 3 in Fighting
   145 | D:1      | Reached XP level 2. HP: 31/31 MP: 5/5
   343 | D:1      | Found a faded altar of an unknown god.
   401 | D:1      | You pick up a book of Blasting and begin reading...
   401 | D:1      | You add the spells Volatile Blastmotes, Fulminant Prism and
                  | Iskenderun's Mystic Blast to your library.
   762 | D:2      | Reached XP level 3. HP: 39/39 MP: 6/6
   886 | D:2      | Reached skill level 4 in Fighting
   999 | D:2      | Reached skill level 3 in Maces & Flails
  1477 | D:2      | Reached XP level 4. HP: 35/49 MP: 7/7
  1803 | D:3      | Identified the +10 flail of Skirmishing {heavy, Str+2
                  | Dex+2}
  2105 | D:3      | Reached skill level 5 in Fighting
  2173 | D:3      | Reached XP level 5. HP: 57/57 MP: 8/8
  2440 | D:4      | Found a hide-covered altar of Uskayaw.
  2459 | D:4      | HP: 14/57 [poisoned by an adder]
  2464 | D:4      | HP: 11/57 [poisoned by an adder]
  2471 | D:4      | HP: 8/57 [adder (1)]
  2473 | D:4      | HP: 3/57 [poisoned by an adder]
  2473 | D:4      | Slain by an adder

Vanquished Creatures
  6 adders
  An adder zombie (D:2)
  2 bat skeletons (D:2)
  2 bat zombies (D:2)
  7 endoplasms
  4 giant cockroaches
  4 goblins
  8 hobgoblins
  4 quokkas
  5 ball pythons
  4 bats
  4 frilled lizards
  2 giant cockroach zombies (D:2)
  6 kobolds
  8 rats
67 creatures vanquished.

Table legend:
 A = Non-vault XP
 B = Vault XP
 C = Vault XP percentage of total XP
 D = Non-vault monster count
 E = Vault monster count
 F = Vault count percentage of total count
                 A         B        C        D         E       F
            +---------+---------+-------+---------+---------+-------
      Total |     164 |      15 |   8.4 |      60 |       7 |  10.4
            +---------+---------+-------+---------+---------+-------
        D:1 |      30 |       0 |   0.0 |      19 |       0 |   0.0
        D:2 |      58 |      15 |  20.5 |      22 |       7 |  24.1
        D:3 |      70 |       0 |   0.0 |      15 |       0 |   0.0
        D:4 |       6 |       0 |   0.0 |       4 |       0 |   0.0
            +---------+---------+-------+---------+---------+-------

Skill      XL: |  1  2  3  4 |
---------------+-------------+-----
Fighting       | 3 4 5 |  5.1
Maces & Flails | 3 |  3.8
Throwing       | |  1.0
Dodging        | |  2.1
Spellcasting   | |  2.4
Translocations | |  2.6

Action                     |  1- 3 |  4- 6 || total
---------------------------+-------+-------++-------
  Melee: Mace              |   132 |    77 ||   209
         Headbutt          |    14 |     4 ||    18
         Punch             |     2 |     2 ||     4
  Throw: Dart              |       |     7 ||     7
 Armour: Robe              |   114 |    73 ||   187
  Dodge: Dodged            |    89 |    38 ||   127

Illustrated notes

Table legend:
 A = Kills in this place as a percentage of kills in the entire game.
 B = Kills by you in this place as a percentage of kills by you in the entire game.
 C = Kills by friends in this place as a percentage of kills by friends in the entire game.
 D = Other kills in this place as a percentage of other kills in the entire game.
 E = Experience gained in this place as a percentage of experience gained in the entire game.
 F = Experience gained in this place divided by the number of levels of this place that you have seen.
                   A       B       C       D       E      F
               +-------+-------+-------+-------+-------+----------------------
         Total | 100.0 | 100.0 |   N/A |   N/A | 100.0 |  44.8
       Dungeon | 100.0 | 100.0 |   N/A |   N/A | 100.0 |  44.8
               +-------+-------+-------+-------+-------+----------------------

Table legend: (Time is in decaauts)
 A = Elapsed time spent in this place.
 B = Non-inter-level travel time spent in this place.
 C = Inter-level travel time spent in this place.
 D = Time resting spent in this place.
 E = Time spent auto-exploring this place.
 F = Levels seen in this place.
 G = Mean time per level.
                   A        B        C        D        E       F      G
               +--------+--------+--------+--------+--------+-----+--------+
         Total |   2524 |   2417 |    107 |    147 |   1774 |   4 |  631.0 |
       Dungeon |   2524 |   2417 |    107 |    147 |   1774 |   4 |  631.0 |
               +--------+--------+--------+--------+--------+-----+--------+

Top non-repeatable levels by time:
     D:2: 1067 daAuts
     D:1: 693 daAuts
     D:3: 679 daAuts
     D:4: 84 daAuts
